 Dungeon Crawl Stone Soup version 0.20.1-1-g8b1a95d (webtiles) character file.

4228 vineage the Basher (level 10, -7/61 HPs)
             Began as a Gargoyle Fighter on Sept 2, 2017.
             Was an Elder of Okawaru.
             Blown up by Maurice (19 damage)
             ... with a wand of disintegration (?/24)
             ... on level 8 of the Dungeon.
             The game lasted 00:11:13 (6713 turns).

vineage the Basher (Gargoyle Fighter)               Turns: 6713, Time: 00:11:14

Health: -7/61      AC: 26    Str: 20    XL:     10   Next: 30%
Magic:  8/10       EV: 12    Int: 10    God:    Okawaru [****..]
Gold:   300        SH: 13    Dex: 13    Spells: 9/9 levels left

rFire    + . .     SeeInvis .   a - +0 flail
rCold    . . .     Gourm    .   c - +0 shield
rNeg     + . .     Faith    .   y - +0 storm dragon scales
rPois    ∞         Spirit   .   H - +1 hat
rElec    +         Reflect  .   (no cloak)
rCorr    +         Harm     .   (no gloves)
MR       .....                  p - +0 pair of boots
Stlth    ..........             D - amulet of magic regeneration
Regen    0.2/turn               g - ring of resist corrosion
MPRegen  0.2/turn               (no ring)

@: heroism, flying
A: molten scales 1, agile 1, fire resistance 1, negative energy resistance 1,
electricity resistance, unbreathing, petrification resistance, rot immunity, AC
+7
a: Heroism, Renounce Religion


You were on level 8 of the Dungeon.
You worshipped Okawaru.
Okawaru was greatly pleased with you.
You were not hungry.

You visited 1 branch of the dungeon, and saw 8 of its levels.

You collected 300 gold pieces.

Inventory:

Hand Weapons
 a - a +0 flail (weapon)
Missiles
 J - 2 javelins of penetration (quivered)
Armour
 b - a +0 scale mail
 c - a +0 shield (worn)
 p - a +0 pair of boots (worn)
 y - +0 storm dragon scales (worn)
 H - a +1 hat (worn)
Jewellery
 g - a ring of resist corrosion (left hand)
 D - an amulet of magic regeneration (around neck)
 K - an uncursed ring of positive energy {unknown}
Wands
 l - a wand of acid (4/15)
 E - a wand of acid (7/15)
 I - a wand of digging (15/24)
 L - a wand of paralysis (6/24)
Scrolls
 d - 2 scrolls of fear {unknown}
 e - a scroll of fog {unknown}
 i - 3 scrolls of noise {unknown}
 s - 3 scrolls of teleportation {unknown}
 w - 2 scrolls of remove curse {unknown}
 x - a scroll of enchant armour {unknown}
 F - 2 scrolls of blinking {unknown}
Potions
 m - a potion of degeneration
 o - a potion of cancellation
 r - 2 potions of resistance
 z - 3 potions of lignification
 B - a potion of haste {unknown}
 C - 2 potions of brilliance
 G - a potion of magic {unknown}
 M - a potion of heal wounds {unknown}
Books
 v - a book of Misfortune

   Spells                             Type                      Level
   a - Confusing Touch                Hexes                        1
   b - Confuse                        Hexes                        3
   c - Gell's Gravitas                Translocation                3
   d - Petrify                        Transmutation/Earth          4
   e - Metabolic Englaciation         Hexes/Ice                    5
   f - Yara's Violent Unravelling     Hexes/Transmutation          5
Comestibles
 f - 3 bread rations
 h - 3 meat rations
 j - 3 chunks of flesh
 k - 6 fruits
 u - 2 royal jellies


   Skills:
 + Level 6.7(11.7) Fighting
 + Level 9.5(14.5) Maces & Flails
 + Level 1.5(6.5) Throwing
 + Level 7.0(12.0) Armour
 + Level 3.2(8.2) Dodging
 + Level 1.0(6.0) Stealth
 + Level 8.1(13.1) Shields
 + Level 0.4 Invocations


You had 9 spell levels left.
You didn't know any spells.

Dungeon Overview and Level Annotations

Branches:
Dungeon (8/15)             Temple (0/1) D:6
   Lair: D:8-11

Altars:
Okawaru
Qazlal
Sif Muna
Xom

Shops:
D:5 *

Annotations:
D:8 Maurice


Innate Abilities, Weirdness & Mutations

You are resistant to torment.
Your stone body is resilient. (AC +7)
You are immune to poison.
You resist negative energy. (rN+)
You are resistant to electric shocks. (rElec)
You can survive without breathing.
You are immune to petrification.
You are immune to rotting.
You are partially covered in molten scales. (AC +2)
You are agile. (Dex +2)
Your flesh is heat resistant. (rF+)


Message History

The javelin of penetration closely misses Maurice.
Maurice casts a spell.
Maurice flickers and vanishes!
Deactivating autopickup; reactivate with Ctrl-A.
Okay, then.
As you read the scroll of identify, it crumbles to dust.
z - 3 potions of lignification
As you read the scroll of identify, it crumbles to dust.
C - 2 potions of brilliance Something hits you.
Something steals your book of Callings!
You gain the combat prowess of a mighty hero.
You hear some strange, mumbled words.
You feel very buoyant.
You fly up into the air.
You hear a zap.
You are blasted!
* * * LOW HITPOINT WARNING * * *
You hear a zap.
You are blasted!
You die...

#......########.##
######.# #..># #
#.# #...# # #.#
#...# # #.# #..†#
# #.#######...# .
...........#
.######...§#######
#.##@.((.(..
#.########## #.#
#.# ..# ..# ..


There were no monsters in sight!

Vanquished Creatures
  A two-headed ogre (D:8)
  Joseph (D:8)
  The ghost of Cadaver the Chopper, a novice HuWn (D:5)
  Prince Ribbit (D:8)
  Grum (D:8)
  The ghost of Monsterracer the Skirmisher, an amateur BaBe of Trog (D:3)
  An ice beast (D:6)
  2 sky beasts
  An orc warrior (D:6)
  A phantom (D:4)
  3 ogres
  2 wolves (D:8)
  3 centaurs
  A bullfrog (D:7)
  2 scorpions
  4 wights (D:8)
  A howler monkey (D:5)
  3 crimson imps
  5 hounds
  A centaur zombie (D:5)
  A jelly (D:8)
  5 orc priests
  A centaur skeleton (D:8)
  2 iguanas
  3 orc wizards
  4 worker ants
  A hound zombie (D:5)
  12 adders
  A shadow imp (D:8)
  2 adder skeletons
  An adder zombie (D:7)
  3 worms
  6 dart slugs
  A leopard gecko (D:2)
  19 orcs
  2 ball pythons (D:3)
  A giant cockroach (D:6)
  7 goblins
  10 hobgoblins
  11 jackals
  8 kobolds
  6 quokkas
  6 bats
  7 frilled lizards
  A giant cockroach zombie (D:6)
  A jackal skeleton (D:7)
  2 quokka skeletons
  A quokka zombie (D:6)
  11 rats
172 creatures vanquished.

Notes
Turn   | Place    | Note
-------+----------+-------------------------------------------
     0 | D:1      | vineage the Gargoyle Fighter began the quest for the Orb.
     0 | D:1      | Reached XP level 1. HP: 14/14 MP: 1/1
    86 | D:1      | Reached XP level 2. HP: 15/19 MP: 2/2
   599 | D:2      | Reached XP level 3. HP: 24/24 MP: 3/3
   738 | D:2      | Reached XP level 4. HP: 24/29 MP: 4/4
   765 | D:2      | Reached skill level 3 in Maces & Flails
   975 | D:2      | Found an iron altar of Okawaru.
  1063 | D:2      | Gained mutation: Your flesh is heat resistant. (rF+) [potion of mutation]
  1063 | D:2      | Gained mutation: You are agile. (Dex +2) [potion of mutation]
  1063 | D:2      | Gained mutation: You are partially covered in molten scales. (AC +2) [potion of mutation]
  1328 | D:2      | Reached skill level 1 in Dodging
  1457 | D:2      | You fall through a shaft!
  1495 | D:2      | Became a worshipper of Warmaster Okawaru
  1532 | D:3      | Reached XP level 5. HP: 32/33 MP: 5/5
  2124 | D:3      | Reached skill level 4 in Maces & Flails
  2145 | D:3      | Reached XP level 6. HP: 36/38 MP: 6/6
  2393 | D:3      | Noticed Monsterracer's ghost (amateur BaBe)
  2409 | D:3      | Killed Monsterracer's ghost
  2409 | D:3      | Reached * piety under Okawaru
  2409 | D:3      | Reached skill level 5 in Shields
  2409 | D:3      | Reached XP level 7. HP: 11/44 MP: 7/7
  2974 | D:4      | Reached skill level 5 in Maces & Flails
  3471 | D:5      | Entered Level 5 of the Dungeon
  3476 | D:5      | Noticed Cadaver's ghost (novice HuWn)
  3488 | D:5      | Killed Cadaver's ghost
  3488 | D:5      | Reached ** piety under Okawaru
  3488 | D:5      | Reached skill level 5 in Fighting
  3488 | D:5      | Reached skill level 6 in Maces & Flails
  3488 | D:5      | Reached XP level 8. HP: 43/49 MP: 8/8
  3577 | D:5      | Found Vieczoge's General Store.
  4249 | D:6      | Reached skill level 5 in Armour
  4273 | D:6      | Found a staircase to the Ecumenical Temple.
  4281 | D:6      | Reached skill level 7 in Maces & Flails
  4431 | D:6      | Found a deep blue altar of Sif Muna.
  4542 | D:6      | Reached *** piety under Okawaru
  4762 | D:6      | Reached XP level 9. HP: 51/54 MP: 9/9
  4833 | D:6      | Found a stormy altar of Qazlal.
  6015 | D:8      | Noticed Prince Ribbit
  6081 | D:8      | Killed Prince Ribbit
  6081 | D:8      | Reached skill level 8 in Maces & Flails
  6081 | D:8      | Reached skill level 1 in Stealth
  6327 | D:8      | Noticed Joseph
  6328 | D:8      | Paralysed by Joseph for 6 turns
  6349 | D:8      | Paralysed by Joseph for 5 turns
  6359 | D:8      | Killed Joseph
  6359 | D:8      | Reached **** piety under Okawaru
  6359 | D:8      | Received a gift from Okawaru
  6415 | D:8      | Found a shimmering altar of Xom.
  6469 | D:8      | Noticed Grum
  6499 | D:8      | Killed Grum
  6505 | D:8      | Noticed a two-headed ogre
  6525 | D:8      | Killed a two-headed ogre
  6525 | D:8      | Reached skill level 9 in Maces & Flails
  6525 | D:8      | Reached skill level 1 in Throwing
  6525 | D:8      | Reached XP level 10. HP: 33/61 MP: 7/10
  6703 | D:8      | Noticed Maurice
  6713 | D:8      | Blown up by Maurice

Skill      XL: |  1  2  3  4  5  6  7  8  9 10 |
---------------+-------------------------------+-----
Maces & Flails | 3 4 6 7 9 |  9.5
Shields        | 4 5 6 8 |  8.1
Dodging        | 1 2 3 |  3.2
Fighting       | 4 5 6 |  6.7
Armour         | 4 5 6 7 |  7.0
Stealth        | 1 |  1.0
Throwing       | 1 |  1.5
Invocations    | |  0.4

Action                   |  1- 3 |  4- 6 |  7- 9 | 10-12 || total
-------------------------+-------+-------+-------+-------++-------
Melee: Flail             |   101 |   213 |   507 |    46 ||   867
Throw: Javelin           |       |       |     8 |     5 ||    13
Invok: Heroism           |       |       |     2 |     1 ||     3
  Use: Scroll            |       |     2 |     4 |     2 ||     8
       Potion            |       |     3 |     5 |     1 ||     9
  Eat: Chunk             |       |     5 |    14 |     1 ||    20
Armor: Scale mail        |    67 |   103 |   158 |       ||   328
       Storm dragon scal |       |       |   109 |    14 ||   123
Dodge: Dodged            |    32 |    65 |   141 |    11 ||   249
Block: Shield            |    64 |   113 |   274 |    22 ||   473
